 Dungeon Crawl Stone Soup version 0.26-a0-504-g0cf647090d (webtiles) character file.

Game seed: 10381395477930076217

22 Ge0ff the Grasshopper (level 2, -8/24 HPs)
             Began as a Barachi Warper on Aug 8, 2020.
             Killed by divine providence
             ... invoked by an orc priest
              (14 damage)
             ... on level 4 of the Dungeon.
             The game lasted 00:04:35 (495 turns).

Ge0ff the Grasshopper (Barachi Warper)               Turns: 495, Time: 00:04:35

Health: -8/24      AC:  8    Str: 12    XL:     2   Next: 91%
Magic:  5/5        EV: 12    Int: 13    God:
Gold:   32         SH:  0    Dex: 11    Spells: 5/5 levels left

rFire    + . .     SeeInvis .     - Unarmed
rCold    + . .     Faith    .   (no shield)
rNeg     . . .     Spirit   .   a - +1 leather armour
rPois    +         Reflect  .   E - +2 hat
rElec    +         Harm     .   (no cloak)
rCorr    +                      (no gloves)
MR       .....                  (no boots)
Stlth    +.........             (no amulet)
HPRegen  0.08/turn              (no ring)
MPRegen  0.09/turn              (no ring)

@: resistant, can't hop, slow
A: +LOS, swims, claws 1, yellow scales 1, slowness 1, strong legs 1
a: Hop


You were on level 4 of the Dungeon.
You visited 1 branch of the dungeon, and saw 5 of its levels.

You collected 32 gold pieces.

Inventory:

Missiles
 v - 3 curare-tipped darts {don't train=f}
 D - 18 stones (quivered) {don't train}
Armour
 a - a +1 leather armour (worn)
 E - a +2 hat (worn)
Scrolls
 C - a scroll of remove curse
Potions
 z - a potion of brilliance


   Skills:
 + Level 3.0 Fighting
 - Level 1.0 Throwing
 - Level 1.2 Armour
 - Level 2.1 Dodging
 * Level 3.2 Unarmed Combat
 - Level 2.1 Spellcasting
   Level 3.2 Translocations


You had 5 spell levels left.
You didn't know any spells.
Your spell library contained the following spells:

 Spells                   Type           Power        Failure   Level
 Blink                    Tloc           N/A          12%         2
 Gell's Gravitas          Tloc           #.........   24%         3
 Lesser Beckoning         Tloc           #.........   24%         3
 Teleport Other           Tloc           #.......     24%         3
 Passage of Golubria      Tloc           N/A          63%         4


Dungeon Overview and Level Annotations

Branches:
Dungeon (5/15)
 Temple: D:4-7

Altars:


Innate Abilities, Weirdness & Mutations

You can be seen from farther away. (+LOS)
You can swim through water.
You cover ground slowly.
You can hop short distances.
You have sharp fingernails.
You are partially covered in yellow scales. (AC +2)


Message History

The orc priest miscasts a cantrip.
The adder barely misses you.
Okay, then.
The orc wizard closely misses you. The adder bites you but does no damage.
The adder barely misses you.
Use which ability? (? or * to list)
Press: ? - help, Dir - move target cursor Boing!
The orc shouts!
The orc throws a boomerang.
The boomerang hits you but does no damage.
The weapon returns to the orc!
The adder skeleton bites you but does no damage.
The orc throws a boomerang.
The boomerang hits you.
* * * LOW HITPOINT WARNING * * *
The weapon returns to the orc!
The orc priest invokes the aid of Beogh against you.
Beogh smites you!
Ouch! That really hurt!
You die...

#.....###..#......##.##.
#....<.....##.....##....
#...○.##.##........#.###
#....o............... #.
#.....o.................
###.oS..................
###...o.................
#.....Zo.>....o.....####
#......@.##.#....... <
#.#......# ..#.o... ..
#.##.........##.# ... #
............ ..
#.#.#....#....
#...#.##.#..... .......
.. .... #....... ... ...
#.# ... .## ..


You could see an orc priest, an orc wizard, an adder, 4 orcs and an adder
skeleton.

Vanquished Creatures
  A dart slug (D:1)
  An orc (D:4)
  2 bats (D:1)
  2 giant cockroaches
  3 goblins (D:1)
  A hobgoblin (D:1)
  3 jackals (D:4)
  4 rats (D:1)
17 creatures vanquished.

Notes
Turn   | Place    | Note
-------+----------+-------------------------------------------
     0 | D:1      | Ge0ff the Barachi Warper began the quest for the Orb.
     0 | D:1      | Reached XP level 1. HP: 17/17 MP: 3/3
   115 | D:1      | Reached XP level 2. HP: 11/23 MP: 5/5
   359 | D:5      | Entered Level 5 of the Dungeon
   401 | D:5      | HP: 1/24 [bullfrog zombie (2)]
   425 | D:4      | Gained mutation: You have sharp fingernails. [potion of
                  | mutation]
   425 | D:4      | Gained mutation: You are partially covered in yellow
                  | scales. (AC +2) [potion of mutation]
   495 | D:4      | Killed from afar by an orc priest

Illustrated notes

Levels and vault maps discovered:
D:1:      dpeg_arrival_orchard, layout_basic
D:2:      layout_basic, chequers_serial_rivers_micro_b
D:3:      layout_basic
D:4:      layout_cave_pools, nicolae_tso_carved_into_rock,
          hangedman_abyss_or_decor_lesser_grid
D:5:      layout_layer_cave

Skill      XL: |  1  2 |
---------------+-------+-----
Unarmed Combat | 3 |  3.2
Fighting       | 3 |  3.0
Throwing       | |  1.0
Armour         | |  1.2
Dodging        | |  2.1
Spellcasting   | |  2.1
Translocations | |  3.2

Action                   || total
-------------------------++-------
Melee: Unarmed           ||    87
       Punch             ||     1
Throw: Stone             ||    11
       Boomerang         ||     5
       Dart              ||     1
 Abil: Hop               ||     2
  Use: Scroll            ||     5
       Potion            ||     3
Armor: Leather armour    ||    40
Dodge: Dodged            ||    74

Table legend: (Time is in decaauts)
 A = Elapsed time spent in this place.
 B = Non-inter-level travel time spent in this place.
 C = Inter-level travel time spent in this place.
 D = Time resting spent in this place.
 E = Time spent auto-exploring this place.
 F = Levels seen in this place.
 G = Mean time per level.
                   A        B        C        D        E       F      G
               +--------+--------+--------+--------+--------+-----+--------+
         Total |    566 |    566 |      0 |      0 |      0 |   5 |  113.2 |
       Dungeon |    566 |    566 |      0 |      0 |      0 |   5 |  113.2 |
               +--------+--------+--------+--------+--------+-----+--------+

Top non-repeatable levels by time:
     D:1: 305 daAuts
     D:4: 193 daAuts
     D:3: 38 daAuts
     D:2: 18 daAuts
     D:5: 10 daAuts
